 Dungeon Crawl Stone Soup version 0.19.5 (webtiles) character file.

3971 Monsterracer the Destroyer (level 10, -5/63 HPs)
             Began as a High Elf Conjurer on Aug 19, 2017.
             Was a Believer of Sif Muna.
             Slain by Fairytaker's ghost (10 damage)
             ... in a bailey.
             The game lasted 00:22:30 (9452 turns).

Monsterracer the Destroyer (High Elf Conjurer)      Turns: 9452, Time: 00:22:31

Health: -5/63      AC:  6    Str:  7    XL:     10   Next: 2%
Magic:  2/21       EV: 13    Int: 24    God:    Sif Muna [**....]
Gold:   68         SH:  0    Dex: 15    Spells: 5 memorised, 9 levels left

rFire  . . .     SeeInvis .     y - +1 long sword (curse)
rCold  . . .     Gourm    .     t - +2 robe {MR+}
rNeg   . . .     Faith    .     (no shield)
rPois  .         Spirit   .     (no helmet)
rElec  .         Reflect  .     l - +0 cloak
rCorr  .         Harm     .     (no gloves)
MR     ++...                    r - +0 pair of boots
Stlth  ++........               (no amulet)
                                (no ring)
                                (no ring)

@: drained, divine energy
A: no striking features
a: Stop Divine Energy, Renounce Religion


You were in a bailey.
You worshipped Sif Muna.
Sif Muna was pleased with you.
You were hungry.

You visited 2 branches of the dungeon, and saw 10 of its levels.
You also visited: Sewer and Bailey.

You collected 468 gold pieces.
You spent 400 gold pieces at shops.

Inventory:

Hand Weapons
 y - a cursed +1 long sword (weapon)
Missiles
 n - a throwing net (quivered)
Armour
 l - a +0 cloak (worn)
 r - a +0 pair of boots (worn)
 t - a +2 robe of magic resistance (worn)
Magical Staves
 b - an uncursed staff of poison
Jewellery
 u - an uncursed ring of ice
Scrolls
 e - 4 scrolls of teleportation
 h - 2 scrolls of remove curse
 j - 2 scrolls of enchant weapon
 k - 2 scrolls of magic mapping
 m - 2 scrolls of recharging
 o - 2 scrolls of amnesia
 s - 2 scrolls of blinking
Potions
 a - a potion of cure mutation {!q}
 p - 3 potions of curing
 q - 2 potions of might
 v - a potion of lignification
 z - 3 potions of resistance
 A - a potion of haste
 B - a potion of agility
 C - a potion of ambrosia {unknown}
Books
 g - a book of Callings

   Spells                             Type                      Level
   a - Summon Small Mammal            Summoning                    1
   b - Call Imp                       Summoning                    2
   c - Call Canine Familiar           Summoning                    3
   d - Summon Guardian Golem          Hexes/Summoning              3
   e - Summon Lightning Spire         Summoning/Air                4
   f - Summon Ice Beast               Ice/Summoning                4
Comestibles
 c - 6 bread rations
 d - 4 beef jerkies
 f - 3 meat rations
 i - 8 slices of pizza
 x - a chunk of flesh


   Skills:
 + Level 4.0(3.5) Fighting
 + Level 4.3(3.8) Long Blades
 + Level 3.7(3.3) Dodging
 - Level 2.1(1.7) Stealth
   Level 0.1(0.0) Shields
 + Level 6.8(6.3) Spellcasting
 * Level 10.2(9.7) Conjurations
 - Level 3.0(2.5) Hexes
 + Level 7.4(6.9) Charms
 + Level 3.4(2.9) Invocations


You had 9 spell levels left.
You knew the following spells:

 Your Spells              Type           Power        Failure   Level  Hunger
a - Magic Dart            Conj           ####         1%          1    None
b - Searing Ray           Conj           ######       1%          2    None
c - Fulminant Prism       Conj/Hex       #####.....   8%          4    ###....
d - Iskenderun's Battles  Conj/Chrm      #####...     10%         5    #####..
z - Apportation           Tloc           #.........   10%         1    None


Dungeon Overview and Level Annotations

Branches:
Dungeon (9/15)             Temple (1/1) D:6
   Lair: D:8-11         Orc: D:9-12

Altars:
Ashenzari
Cheibriados
Dithmenos
Elyvilon
Fedhas
Gozag
Hepliaklqana
Kikubaaqudgha
Makhleb
Nemelex Xobeh
Okawaru
Qazlal
Ru
Sif Muna
Trog
Uskayaw
Vehumet
Xom
Yredelemnul
Zin
The Shining One

Shops:
D:6 (   D:8 !

Annotations:
Bailey Fairytaker's ghost, journeyman DgFi


Message History

Fairytaker's ghost hits you!!
* * * LOW HITPOINT WARNING * * *
Huge Dmg: -33%(-21hp) hp: 26%(16hp)
The searing ray hits Fairytaker's ghost.
Fairytaker's ghost is severely damaged.
* * * LOW MAGIC WARNING * * *
You finish channeling your searing ray.
Your battlesphere fires!
The barrage of energy hits Fairytaker's ghost.
Fairytaker's ghost is almost destroyed.
Your battlesphere expends the last of its energy and dissipates.
Fairytaker's ghost hits you!
* * * LOW HITPOINT WARNING * * *
Huge Dmg: -19%(-12hp) hp: 7%(4hp)
You aren't carrying any items that you can evoke.
Unknown command.
As you read the scroll of fear, it crumbles to dust.
You assume a fearsome visage.
Fairytaker's ghost is unaffected.
Fairytaker's ghost hits you!
You die...

♣♣♣♣♣♣
♣♣..♣.♣♣
♣......♣♣
♣.......#
♣.......#..
♣♣.......'..
♣...∩.∩..'..
♣♣.@W....'..
♣........#..
♣♣.......#
♣♣§...♣♣♣
♣♣.♣♣♣ ♣♣♣


You could see Fairytaker's ghost.

Vanquished Creatures
  The ghost of p0werm0de the Slasher, an amateur HECK of Xom (D:5)
  A two-headed ogre (D:8)
  A hippogriff (D:9)
  Eustachio (D:6)
  4 hogs (D:9)
  A human (D:9)
  Duvessa (D:6)
  3 phantoms
  An orc warrior (D:6)
  A sky beast (D:5)
  A necrophage (D:6)
  An ogre (D:7)
  A centaur (D:9)
  3 big kobolds (Sewer)
  Blork the orc (D:6)
  2 bullfrogs
  A gnoll sergeant (D:6)
  Dowan (D:6)
  A scorpion (D:5)
  4 wights
  A howler monkey (D:9)
  4 crimson imps
  5 hounds
  2 centaur zombies
  3 jellies
  An orc priest (D:4)
  A centaur skeleton (D:3)
  6 worker ants
  3 iguanas
  A hound skeleton (D:6)
  A worker ant zombie (D:5)
  A howler monkey skeleton (D:7)
  14 adders
  A river rat (D:5)
  2 shadow imps (D:9)
  4 oozes
  An adder skeleton (D:5)
  2 adder zombies
  5 worms
  2 dart slugs
  A leopard gecko (D:6)
  12 orcs
  3 ball pythons (Sewer)
  4 giant cockroaches
  12 goblins
  4 hobgoblins
  7 jackals
  7 quokkas
  8 bats
  3 frilled lizards
  9 kobolds
  2 leopard gecko skeletons
  An orc zombie (D:9)
  A quokka skeleton (D:6)
  13 rats
178 creatures vanquished.

Vanquished Creatures (others)
  4 fulminant prisms
4 creatures vanquished.

Grand Total: 182 creatures vanquished

Notes
Turn   | Place    | Note
-------+----------+-------------------------------------------
     0 | D:1      | Monsterracer the High Elf Conjurer began the quest for the Orb.
     0 | D:1      | Reached XP level 1. HP: 11/11 MP: 4/4
   272 | D:1      | Reached XP level 2. HP: 17/17 MP: 1/6
   276 | D:1      | Learned a level 2 spell: Searing Ray
   907 | D:2      | Reached skill level 5 in Conjurations
  1040 | D:2      | Reached XP level 3. HP: 15/21 MP: 0/8
  1663 | D:3      | Found a shattered altar of Ashenzari.
  1740 | D:3      | Found an ancient bone altar of Kikubaaqudgha.
  1753 | D:3      | Reached XP level 4. HP: 19/27 MP: 2/10
  1903 | D:3      | Reached skill level 6 in Conjurations
  2117 | D:3      | Noticed a phantom
  2119 | D:3      | Reached XP level 5. HP: 28/31 MP: 11/11
  2144 | D:2      | Learned a level 5 spell: Iskenderun's Battlesphere
  2203 | D:3      | Killed a phantom
  2661 | D:4      | Reached XP level 6. HP: 24/36 MP: 5/13
  2766 | D:4      | Learned a level 4 spell: Fulminant Prism
  3394 | D:4      | Reached skill level 7 in Conjurations
  3995 | D:5      | Entered Level 5 of the Dungeon
  4068 | D:5      | Reached XP level 7. HP: 35/41 MP: 10/15
  4222 | D:5      | Found a glowing drain.
  4226 | Sewer    | Entered a sewer
  4233 | Sewer    | Reached skill level 5 in Spellcasting
  4324 | Sewer    | Learned a level 1 spell: Apportation
  4631 | Sewer    | Reached skill level 5 in Charms
  4838 | D:5      | Noticed p0werm0de's ghost (amateur HECK)
  4845 | D:5      | Killed p0werm0de's ghost
  4845 | D:5      | Reached skill level 1 in Fighting
  4845 | D:5      | Reached skill level 8 in Conjurations
  4845 | D:5      | Reached skill level 1 in Hexes
  4845 | D:5      | Reached XP level 8. HP: 48/48 MP: 10/17
  5503 | D:6      | Found a staircase to the Ecumenical Temple.
  5542 | D:6      | Found Fuciteke's Weapon Shoppe.
  5547 | Temple   | Entered the Ecumenical Temple
  5639 | Temple   | Became a worshipper of Sif Muna the Loreminder
  5718 | D:6      | Noticed Dowan
  5722 | D:6      | Killed Dowan
  5744 | D:6      | Noticed Duvessa
  5748 | D:6      | Killed Duvessa
  5748 | D:6      | Reached skill level 1 in Long Blades
  6127 | D:6      | Noticed Blork the orc
  6129 | D:6      | Noticed Eustachio
  6130 | D:6      | Killed Blork the orc
  6130 | D:6      | Reached skill level 1 in Invocations
  6144 | D:6      | Killed Eustachio
  6144 | D:6      | Reached * piety under Sif Muna
  6411 | D:6      | Reached skill level 9 in Conjurations
  6972 | D:6      | Reached XP level 9. HP: 45/55 MP: 15/19
  7649 | D:7      | Found a shattered altar of Ashenzari.
  7649 | D:7      | Found a radiant altar of Vehumet.
  8324 | D:8      | Reached ** piety under Sif Muna
  8549 | D:8      | Found Duwn's Distillery.
  8630 | D:8      | Bought a potion of cure mutation for 400 gold pieces
  8810 | D:9      | HP: 26/57 [centaur (5)]
  9000 | D:9      | Reached skill level 10 in Conjurations
  9000 | D:9      | HP: 25/58 [hog (7)]
  9004 | D:9      | HP: 7/58 [hog (11)]
  9005 | D:9      | HP: 3/58 [hog (4)]
  9007 | D:9      | Reached XP level 10. HP: 3/63 MP: 0/21
  9369 | D:9      | Found a flagged portal.
  9378 | Bailey   | Entered a bailey
  9440 | Bailey   | Noticed Fairytaker's ghost (journeyman DgFi)
  9450 | Bailey   | HP: 16/63 [Fairytaker's ghost (21)]
  9451 | Bailey   | HP: 4/63 [Fairytaker's ghost (12)]
  9452 | Bailey   | Slain by Fairytaker's ghost

Skill      XL: |  1  2  3  4  5  6  7  8  9 |
---------------+----------------------------+-----
Conjurations   | 5 6 7 8 9 10 | 10.2
Spellcasting   | 3 4 5 6 |  6.8
Charms         | 2 4 5 6 7 |  7.4
Fighting       | 1 2 4 |  4.0
Hexes          | 1 2 3 |  3.0
Long Blades    | 2 4 |  4.3
Invocations    | 1 3 |  3.4
Dodging        | 3 |  3.7
Stealth        | |  2.1
Shields        | |  0.1

Action                   |  1- 3 |  4- 6 |  7- 9 | 10-12 || total
-------------------------+-------+-------+-------+-------++-------
Melee: Short sword       |    51 |       |       |       ||    51
       Falchion          |     5 |    44 |    51 |       ||   100
       Rapier            |       |       |    25 |       ||    25
       Long sword        |       |       |    64 |     2 ||    66
 Cast: Magic Dart        |    40 |    36 |    78 |     3 ||   157
       Searing Ray       |     5 |    15 |    52 |     3 ||    75
       Fulminant Prism   |       |     1 |     3 |       ||     4
       Iskenderun's Batt |       |       |     6 |     2 ||     8
Invok: Divine Energy     |       |       |     1 |       ||     1
  Use: Scroll            |       |     9 |     8 |     1 ||    18
       Potion            |       |       |     3 |       ||     3
 Stab: Sleeping          |     4 |     1 |     2 |       ||     7
       Distracted        |       |       |     1 |       ||     1
  Eat: Chunk             |     3 |     7 |    16 |     3 ||    29
Armor: Robe              |    10 |    10 |    51 |     3 ||    74
Dodge: Dodged            |    54 |    54 |   170 |     6 ||   284
       Rpst.: Falchion   |     4 |    17 |    24 |       ||    45
       Long sword        |       |       |    25 |     2 ||    27
